 Dungeon Crawl Stone Soup version 0.31.0-32-g396128a36d (webtiles) character file.

Game seed: 12084797388344163713

106 firemarshallily the Trooper (level 4, 0/38 HPs)
             Began as a Barachi Fighter on Apr 23, 2024.
             Slain by Grinder (4 damage)
             ... on level 3 of the Dungeon.
             The game lasted 00:06:15 (1983 turns).

firemarshallily the Trooper (Barachi Fighter)       Turns: 1983, Time: 00:06:16

Health: 0/38       AC:  8    Str: 15 (17) XL:     4   Next: 84%
Magic:  4/4        EV:  8    Int:  7 (9)  God:
Gold:   49         SH:  4    Dex: 11 (13) Spells: 3/3 levels left

rFire   + . .        a - +0 long sword
rCold   + . .        g - +0 buckler {rC+ rF+}
rNeg    . . .        b - +1 scale mail
rPois   .            (no helmet)
rElec   .            (no cloak)
rCorr   .            (no gloves)
SInv    .            (no boots)
Will    .....        c - amulet of the acrobat Stlth
                     (no ring)
HPRegen 0.26/turn    (no ring)
MPRegen 0.09/turn

%: acrobat
@: weak-willed, unable to hop, enlightened, flying, hasted, quick
A: amphibious, slowness 1, strong legs 1, +LOS
a: Hop


You were on level 3 of the Dungeon.
You visited 1 branch of the dungeon, and saw 3 of its levels.

You collected 170 gold pieces.
You spent 121 gold pieces at shops.

Inventory:

Hand Weapons
 a - a +0 long sword (weapon)
Missiles
 l - 5 boomerangs
Armour
 b - a +1 scale mail (worn)
 f - a +0 kite shield
 g - a +0 buckler of resistance (worn)
Jewellery
 c - an amulet of the acrobat (around neck)
Scrolls
 h - 4 scrolls of teleportation {unknown}
 i - a scroll of fog {unknown}
 o - a scroll of amnesia
 t - a scroll of enchant weapon {unknown}
Potions
 d - a potion of might
 q - a potion of mutation
 r - a potion of enlightenment


   Skills:
 * Level 4.8 Fighting
 * Level 3.9 Long Blades
 + Level 4.1 Armour
 + Level 3.8 Shields


You had 3 spell levels left.
You didn't know any spells.
Your spell library contained the following spells:

 Spells                   Type           Power      Damage    Failure   Level
 Foxfire                  Conj/Fire      0%         2x1d4     92%         1
 Ensorcelled Hibernation  Hex/Ice        0%         N/A       98%         2
 Lesser Beckoning         Tloc           0%         N/A       98%         2
 Gell's Gravitas          Tloc           0%         N/A       100%        3
 Passwall                 Erth           0%         N/A       100%        3
 Swiftness                Air            0%         N/A       100%        3
 Teleport Other           Tloc           0%         N/A       100%        3
 Plasma Beam              Fire/Air       0%         2x1d10    100%        6
 Starburst                Conj/Fire      0%         6d3       100%        6


Dungeon Overview and Level Annotations

Branches:
Dungeon (3/15)

Altars:
Ru

Shops:
D:1 (   D:3 =*

Annotations:
D:3 Grinder


Innate Abilities, Weirdness & Mutations

You are amphibious.
You cover ground slowly.
You can hop short distances.
You have an extended range of vision and can be seen from far away.


Message History

You are too injured to fight recklessly!
You feel better. Grinder gestures at you.
You suddenly lose the ability to move!
Grinder hits you!
You writhe in agony.
Grinder hits you.
* * * LOW HITPOINT WARNING * * *
You writhe in agony.
* * * LOW HITPOINT WARNING * * *
Grinder hits you but does no damage.
You can move again.
As you read the scroll labelled QAODUI OMABLE, it crumbles to dust.
It is a scroll of amnesia.
You feel forgetful for a moment.
Grinder blinks!
As you read the scroll labelled SUNAQ LILEOT, it crumbles to dust.
You feel aware of your surroundings.
You sensed 3 altars, and 1 shop/portal.
It was a scroll of revelation.
As you read the scroll labelled TIYCOL ULOCUQI, it crumbles to dust.
It is a scroll of enchant armour.
Your +0 scale mail glows green for a moment.
As you read the scroll labelled LEOTTO BEMIU, it crumbles to dust.
Your body is wracked with pain!
* * * LOW HITPOINT WARNING * * *
It was a scroll of torment.
It was a potion of haste.
You feel yourself speed up. Grinder gestures at you.
You resist with significant effort.
It was a potion of enlightenment.
You feel very buoyant.
You fly up into the air.
It was a potion of degeneration.
There was something very wrong with that liquid.
You feel weakened.
You feel dopey.
You feel clumsy.
As you read the scroll labelled AMEAGG APSUA, it crumbles to dust.
A wave of despondency washes over your surroundings.
It was a scroll of vulnerability.
Grinder hits you.
* * * LOW HITPOINT WARNING * * *
You writhe in agony.
You die...
Grinder says, "Hey, I wasn't done torturing you yet!"

##########'###+#####.####
##########...............
##########..###.###.##.#.
#######...>.......<......
#######.......#.#.#.##.#.
***#######..####.#.#.#.##.#.
*,,..#####..####.#.#........
**,#.#...........#.###.##...
*,#.#.....@.....#.#*#.##.#.
*<#.+.....5.....#..,#.##.#.
**###.!...?.....###,#.##.#.
###...........###,#.##.##
###.............#,#.##..#
###...........#.#,#.##..#
########.........,#.....#
######........#.#####.#.#
######.###....#.#.......#


You could see Grinder (weak-willed).

Vanquished Creatures
  A bombardier beetle (D:3)
  An adder (D:2)
  2 dart slugs
  2 ribbon worms (D:2)
  An orc (D:3)
  4 ball pythons
  4 endoplasms
  4 giant cockroaches
  4 goblins
  3 hobgoblins
  4 kobolds
  3 quokkas
  4 bats
  3 frilled lizards
  A jackal zombie (D:3)
  7 rats
48 creatures vanquished.

Notes
Turn   | Place    | Note
-------+----------+-------------------------------------------
     0 | D:1      | firemarshallily the Barachi Fighter began the quest for the
                  | Orb.
     0 | D:1      | Reached XP level 1. HP: 18/18 MP: 1/1
   205 | D:1      | Reached XP level 2. HP: 25/25 MP: 2/2
   230 | D:1      | Found Agoku's Weapon Shoppe.
   722 | D:2      | Reached XP level 3. HP: 30/30 MP: 3/3
  1216 | D:2      | Reached XP level 4. HP: 38/38 MP: 4/4
  1609 | D:3      | Found a sacrificial altar of Ru.
  1769 | D:3      | Found Zuigyafi's General Store.
  1770 | D:3      | Found Raczeage's Jewellery Shoppe.
  1798 | D:3      | Bought a potion of curing for 33 gold pieces
  1798 | D:3      | Bought a potion of mutation for 88 gold pieces
  1961 | D:3      | Noticed Grinder
  1972 | D:3      | Paralysed by Grinder for 4 turns
  1983 | D:3      | Slain by Grinder

Illustrated notes

Levels and vault maps discovered:
D:1:      roderic_chinese_lattice_arrival, layout_loops_ring, serial_shops,
          nicolae_shop_tiny_waterfront, minmay_tripent
D:2:      layout_loops_ring
D:3:      layout_basic, dk_yredelemnul_ordeal, mainiacjoe_overflow_alcove_4,
          nicolae_kikubaaqudgha_miasma_corner, serial_shops, shop, shop, shop,
          hellmonk_ecumenical_altar_heavens_door, minivault_25, uniq_grinder

Skill      XL: |  1  2  3 |
---------------+----------+-----
Fighting       | 4 |  4.8
Long Blades    | 3 |  3.9
Armour         | 4 |  4.1
Shields        | |  3.8

Action                     |  1- 3 |  4- 6 || total
---------------------------+-------+-------++-------
  Melee: Long sword        |   123 |    38 ||   161
  Throw: Boomerang         |       |     2 ||     2
Ability: Hop               |     1 |     1 ||     2
    Use: Scroll            |       |     5 ||     5
         Potion            |       |     4 ||     4
 Armour: Scale mail        |    91 |    26 ||   117
  Dodge: Dodged            |    65 |     6 ||    71
  Block: Buckler           |    25 |    10 ||    35
